Map: Turbo Cruise '84 LE

Players

Mez

  • Race: Terran Terran
  • League: Master
  • Spawn Location: 7:00

llllllllllll - Winner!

  • Race: Protoss Protoss
  • League: Master
  • Spawn Location: 3:00

VOD

Have the link to the VOD?

Description

Time

  • Played on: Aug. 11, 2019, 3:02 p.m.
  • Length: 14:26
Show
View Real Time Build Order
Export as new Build Order

Mez Terran 

Build Orders: Reaper Expand 

Get SALT Encoding   

  12  0:01  SCV  
  13  0:13  SCV  
  14  0:20  Supply Depot  
  14  0:25  SCV  
  15  0:42  SCV  
  16  0:44  Barracks  
  16  0:47  Refinery  
  16  0:54  SCV  
  17  1:06  SCV  
  18  1:19  SCV  
  19  1:32  Reaper, Orbital Command  
  20  1:43  Command Center  
  20  1:53  Bunker  
  20  1:58  SCV  
  21  2:02  Supply Depot  
  21  2:05  Barracks Reactor  
  21  2:11  SCV  
  22  2:23  SCV  
  23  2:37  Command Center  
  23  2:39  SCV  
  23  2:42  Marine x2  
  26  2:53  Factory  
  26  2:56  SCV  
  27  3:01  Marine x2  
  29  3:08  Orbital Command  
  29  3:09  SCV  
  30  3:17  Refinery  
  30  3:21  SCV  
  30  3:26  Marine x2  
  33  3:33  SCV  
  33  3:44  Marine x2  
  33  3:45  Widow Mine, SCV  
  38  3:48  Starport  
  38  3:49  SCV  
  39  4:04  Marine x2  
  39  4:05  Orbital Command  
  39  4:06  SCV  
  39  4:09  SCV  
  43  4:14  Widow Mine  
  45  4:18  Refinery  
  45  4:20  SCV  
  45  4:21  Marine x2  
  48  4:27  Starport Tech Lab  
  48  4:29  SCV  
  49  4:33  SCV x2  
  49  4:37  Factory Tech Lab  
  49  4:38  Supply Depot  
  51  4:41  SCV, Marine x2  
  51  4:45  SCV x2  
  56  4:47  Raven  
  58  4:57  SCV  
  58  4:59  Siege Tank  
  62  5:06  Marine x2  
  64  5:07  SCV x2  
  64  5:10  Barracks  
  64  5:11  Barracks  
  64  5:12  Supply Depot  
  64  5:14  Refinery, SCV, Supply Depot  
  66  5:19  SCV x2  
  69  5:29  Engineering Bay  
  69  5:30  Engineering Bay  
  69  5:34  Siege Tank, SCV x2  
  74  5:36  Orbital Command  
  74  5:41  Starport Reactor  
  74  5:46  SCV x2  
  75  5:50  Marine x2  
  77  6:04  SCV x3  
  80  6:15  Barracks x2, Supply Depot  
  80  6:18  Factory Reactor  
  80  6:19  Stimpack  
  74  6:30  Bunker, Marine x2  
  74  6:31  Marauder x2  
  74  6:32  Medivac x2  
  82  6:38  SCV x3  
  85  6:40  Bunker  
  85  6:45  Combat Shield  
  85  6:48  Marine x2  
  85  6:50  SCV, Supply Depot  
  85  6:52  Marauder x2  
  85  6:53  SCV  
  85  6:54  Supply Depot  
  93  7:00  Terran Infantry Armor Level 1, Terran Infantry Weapons Level 1  
  93  7:01  SCV  
  93  7:05  SCV  
  93  7:11  SCV  
  93  7:12  Widow Mine x2  
  93  7:13  SCV  
  93  7:14  Bunker  
  93  7:15  Barracks Reactor, Marine x2, Marauder, Barracks Tech Lab  
  104  7:16  Marauder  
  101  7:24  Bunker, SCV x2  
  101  7:27  Missile Turret  
  103  7:33  SCV  
  103  7:36  SCV x2  
  106  7:39  Missile Turret  
  106  7:41  Missile Turret, Marine, Marauder  
  109  7:50  Supply Depot  
  109  7:51  Supply Depot  
  109  7:52  Supply Depot  
  109  7:54  Supply Depot  
  109  7:55  Supply Depot  
  109  7:58  Supply Depot  
  109  8:03  Marine x4, Marauder x3  
  109  8:05  Armory, Medivac x2  
  123  8:07  Widow Mine  
  123  8:12  Widow Mine  
  127  8:21  Marine  
  127  8:25  Marine x3, Marauder x2  
  127  8:26  Marauder  
  137  8:30  Concussive Shells  
  137  8:33  Widow Mine x2  
  139  8:36  Medivac x2  
  139  8:39  Marine  
  134  8:54  Marine x2, Marauder  
  134  8:55  Marine, Marauder x2, Liberator x2  
  139  8:56  Widow Mine x2  
  139  8:58  SCV x3  
  139  9:00  Refinery, Ghost Academy, Terran Infantry Weapons Level 2  
  139  9:02  Refinery  
  144  9:16  Marauder, Starport  
  152  9:20  Supply Depot  
  152  9:25  Supply Depot  
  152  9:26  SCV x3  
  152  9:27  Supply Depot  
  156  9:38  SCV, Marine x2  
  156  9:39  Command Center, Marine x3  
  143  9:56  Widow Mine x2  
  117  10:07  Marine x2  
  117  10:08  Marine, Marauder x3  
  117  10:12  Liberator x2  
  122  10:16  Marine  
  122  10:21  Widow Mine x2  
  117  10:22  Barracks  
  117  10:23  Barracks x2  
  117  10:25  Marine x2  
  119  10:29  Marauder x3  
  119  10:31  Starport Tech Lab  
  119  10:34  Fusion Core  
  131  10:49  Missile Turret, Ghost  
  131  10:51  Missile Turret  
  131  10:52  Missile Turret  
  131  10:53  Missile Turret x2  
  131  10:54  Marauder x2  
  134  11:06  Marine x2  
  134  11:09  Widow Mine  
  135  11:11  Medivac  
  135  11:12  Medivac x2  
  135  11:15  Ghost x2  
  145  11:32  Barracks Tech Lab x2  
  145  11:33  Marine x3, Marauder  
  145  11:36  Planetary Fortress  
  147  11:41  Medivac  
  147  11:42  Sensor Tower, Medivac  
  147  11:44  Marauder  
  153  11:50  Sensor Tower  
  153  11:52  Ghost x2  
  153  11:53  Marine x5  
  162  11:54  Widow Mine x2  
  162  11:55  Supply Depot  
  162  11:58  Medivac  
  166  12:09  Liberator  
  166  12:13  Missile Turret  
  166  12:14  Missile Turret  
  168  12:21  Ghost x2, Refinery, Marine x3, Marauder x2  
  168  12:22  Missile Turret, Marine x2  
  181  12:23  Refinery  
  184  12:30  Missile Turret, Advanced Ballistics  
  182  12:40  Liberator  
  182  12:47  Starport  
  182  12:54  Marine x3, Marauder x3  
  182  12:55  Marine x2, Marauder  
  182  12:56  Liberator x2  
  196  13:27  Ghost x2  
  155  13:57  Marine x2  
  155  13:58  Marine x3, Marauder x2  
  132  14:06  Marine  
Show
View Real Time Build Order
Export as new Build Order

llllllllllll Protoss - Winner!

Build Orders: 1 Gate Expand, Oracle Opening 

Get SALT Encoding   

  12  0:00  Probe  
  13  0:13  Probe  
  14  0:18  Pylon  
  14  0:24  Probe  
  15  0:32  Probe  
  15  0:38  Gateway  
  15  0:40  Probe  
  16  0:46  Assimilator  
  17  0:51  Probe  
  18  1:00  Probe  
  19  1:08  Probe  
  19  1:17  Probe  
  21  1:29  Nexus  
  21  1:40  Cybernetics Core, Probe  
  22  1:51  Pylon  
  22  1:52  Probe  
  23  2:02  Assimilator  
  23  2:06  Adept  
  23  2:09  Probe  
  24  2:17  Warp Gate  
  24  2:21  Probe  
  27  2:33  Probe  
  27  2:36  Stalker  
  30  2:45  Probe  
  31  2:57  Probe  
  31  2:59  Probe  
  32  3:06  Stargate  
  32  3:09  Probe  
  32  3:11  Probe  
  34  3:21  Probe  
  34  3:23  Probe  
  34  3:24  Pylon  
  36  3:33  Probe  
  37  3:35  Probe  
  37  3:40  Oracle  
  38  3:45  Probe  
  38  3:47  Probe  
  40  3:54  Probe, Twilight Council  
  40  3:55  Probe  
  43  3:56  Gateway  
  43  3:58  Gateway  
  43  4:02  Probe  
  45  4:03  Probe  
  45  4:06  Stalker  
  49  4:10  Blink  
  49  4:11  Assimilator  
  49  4:12  Probe  
  49  4:14  Probe, Pylon  
  49  4:15  Assimilator  
  51  4:18  Pylon  
  52  4:24  Probe  
  52  4:26  Probe  
  52  4:28  Pylon  
  53  4:36  Probe  
  54  4:38  Probe  
  55  4:52  Stalker x2  
  58  5:08  Probe, Nexus  
  58  5:12  Pylon  
  59  5:21  Forge  
  59  5:24  Templar Archives  
  59  5:25  Forge  
  59  5:26  Stalker x2  
  63  5:29  Stalker  
  63  5:34  Probe  
  63  5:35  Probe  
  67  5:47  Probe x2  
  69  5:52  Robotics Facility  
  69  5:53  Stalker  
  69  5:54  Stalker, Protoss Ground Weapons Level 1  
  69  5:55  Pylon  
  73  5:59  Protoss Ground Armor Level 1, Probe x2  
  73  6:04  Psionic Storm  
  75  6:11  Charge  
  75  6:16  Probe x2  
  73  6:28  Probe x2  
  73  6:31  Stalker x3  
  79  6:33  Probe  
  80  6:40  Probe  
  80  6:41  Observer  
  80  6:43  Probe  
  80  6:45  Probe  
  84  6:51  Photon Cannon  
  84  6:53  Photon Cannon, Probe  
  85  6:55  Probe  
  85  6:57  Probe  
  87  7:05  Probe  
  87  7:07  Probe  
  89  7:15  Probe  
  90  7:17  Probe  
  90  7:22  High Templar x2  
  93  7:23  High Templar  
  93  7:25  Assimilator  
  93  7:27  Assimilator  
  93  7:29  Observer, Pylon  
  98  7:33  Pylon  
  98  7:36  Gateway  
  98  7:38  Gateway  
  98  7:39  Photon Cannon, Gateway  
  98  7:42  Gateway  
  98  7:43  Pylon  
  98  7:47  Photon Cannon  
  98  7:50  Immortal  
  102  7:54  Photon Cannon  
  102  7:55  Photon Cannon  
  102  7:57  High Templar  
  102  7:58  High Templar  
  106  8:00  Zealot  
  106  8:05  Pylon  
  108  8:10  Photon Cannon  
  108  8:12  Gateway x2  
  108  8:30  Immortal, Zealot x2  
  108  8:31  Zealot  
  116  8:35  Zealot x2  
  116  8:36  Zealot  
  116  8:38  Protoss Ground Weapons Level 2, Protoss Ground Armor Level 2  
  120  8:44  Zealot  
  120  8:55  Zealot x4  
  118  8:56  Zealot x2  
  118  8:59  Nexus  
  128  9:06  High Templar  
  130  9:13  Immortal  
  130  9:16  Stalker x3  
  140  9:29  Pylon  
  140  9:33  Pylon  
  140  9:35  Assimilator  
  140  9:37  Assimilator  
  140  9:39  Pylon  
  121  9:55  Zealot x2  
  121  9:56  Zealot x4  
  121  10:24  Probe x3  
  124  10:31  Photon Cannon, Probe  
  124  10:32  High Templar x3  
  124  10:34  Stalker x5, Photon Cannon  
  141  10:40  Photon Cannon  
  141  10:47  Pylon  
  141  10:49  Protoss Ground Armor Level 3  
  141  10:50  Stalker, Photon Cannon  
  143  10:57  Pylon  
  143  10:59  High Templar x2  
  143  11:00  High Templar x3  
  153  11:05  Photon Cannon  
  153  11:08  Photon Cannon  
  153  11:12  Immortal  
  153  11:16  High Templar x3  
  153  11:17  High Templar, Protoss Ground Weapons Level 3  
  165  11:22  Dark Shrine  
  165  11:25  Archon x2  
  165  11:40  Zealot  
  165  11:45  Warp Prism  
  167  11:49  Stalker x5  
  167  11:51  Zealot x3  
  185  12:02  Observer  
  185  12:09  Pylon  
  185  12:11  Pylon  
  185  12:13  Pylon  
  185  12:36  Dark Templar  
  187  12:37  Dark Templar x3  
  193  12:46  Gateway  
  193  12:47  Gateway  
  193  12:48  Observer  
  193  12:52  Pylon, Stargate  
  193  12:54  Stargate, Gateway  
  193  12:56  Observer  
  193  12:57  Fleet Beacon  
  193  12:58  Cybernetics Core  
  193  12:59  Zealot x3  
  193  13:27  Stalker x2  
  189  13:48  Archon x2  
  177  13:49  Zealot x3  
  139  14:03  Stalker x3  
  139  14:04  Stalker x5  
Tags
 
Add a new tag
Caveats
  • Supply blocks, unpowered buildings, or Contaminate may cause inaccurate times.
  • Supply counts are checked every 10 seconds.